 Dungeon Crawl Stone Soup version 0.23.2-11-gf996548c65 (webtiles) character file.

Game seed: 12579107583300195940

163 Heatsaber the Cutter (level 5, -1/28 HPs)
             Began as a Vine Stalker Skald on June 4, 2019.
             Slain by Crazy Yiuf
             ... wielding a +3 quarterstaff of chaos
              (4 damage)
             ... on level 3 of the Dungeon.
             The game lasted 00:12:31 (3020 turns).

Heatsaber the Cutter (Vine Stalker Skald)           Turns: 3020, Time: 00:12:31

Health: -1/28      AC:  7    Str: 15    XL:     5   Next: 44%
Magic:  0/9        EV:  9    Int: 13    God:
Gold:   158        SH:  0    Dex: 13    Spells: 3/8 levels left

rFire    . . .     SeeInvis .   a - +0 short sword
rCold    . . .     Gourm    .   (no shield)
rNeg     . . .     Faith    .   l - +0 scale mail
rPois    .         Spirit   +   (no helmet)
rElec    .         Reflect  .   (no cloak)
rCorr    .         Harm     .   r - +0 pair of gloves
MR       .....                  (no boots)
Stlth    ..........             (no amulet)
HPRegen  0.49/turn              (no ring)
MPRegen  0.11/turn              (no ring)

@: slowed, very slow
A: fangs 2, regeneration 1, magic shield, antimagic bite, no potion heal 3, rot
immunity
a: no special abilities


You were on level 3 of the Dungeon.
You were not hungry.

You visited 1 branch of the dungeon, and saw 3 of its levels.

You collected 158 gold pieces.

Inventory:

Hand Weapons
 a - a +0 short sword (weapon)
Armour
 b - a +0 leather armour
 l - a +0 scale mail (worn)
 r - a +0 pair of gloves (worn)
Jewellery
 o - an uncursed ring of fire {unknown}
 s - a cursed ring of attention {unknown}
Wands
 q - a wand of digging (5)
Scrolls
 c - 2 scrolls of magic mapping {unknown}
 e - a scroll of fear {unknown}
 j - a scroll of immolation {unknown}
 k - 4 scrolls of teleportation {unknown}
 m - 2 scrolls of remove curse {unknown}
Potions
 g - a potion of berserk rage {unknown}
 h - 2 potions of heal wounds {unknown}
 i - 3 potions of flight {unknown}
 n - a potion of might {unknown}
 p - a potion of degeneration {unknown}
Comestibles
 d - 6 rations
 f - 7 chunks of flesh


   Skills:
 - Level 3.0 Fighting
 + Level 3.2 Short Blades
 + Level 0.8 Throwing
 + Level 2.3 Armour
 - Level 1.5 Dodging
 - Level 2.1 Spellcasting
 - Level 3.0 Charms


You had 3 spell levels left.
You knew the following spells:

 Your Spells              Type           Power        Failure   Level  Hunger
a - Infusion              Chrm           #...         28%         1    ##.....
b - Song of Slaying       Chrm           #.......     38%         2    ###....
c - Shroud of Golubria    Chrm/Tloc      #.........   61%         2    ###....

Your spell library contained the following spells:

 Spells                   Type           Power        Failure   Level  Hunger
 Regeneration             Chrm/Necr      #.........   83%         3    ####...
 Spectral Weapon          Hex/Chrm       #.......     83%         3    ####...


Dungeon Overview and Level Annotations

Branches:
Dungeon (3/15)

Altars:

Annotations:
D:3 Crazy Yiuf


Innate Abilities, Weirdness & Mutations

You have extremely sharp teeth.
Your natural rate of healing is unusually fast.
When hurt, damage is shared between your health and your magic reserves.
Your bite disrupts and absorbs the magic of your enemies.
Potions cannot restore your health.
You are immune to rotting.


Message History

You feel yourself slow down.
You hit Crazy Yiuf. Your bite misses Crazy Yiuf.
Crazy Yiuf is moderately wounded.
Crazy Yiuf cries, "Candle Xom sing-song!"
Crazy Yiuf barely misses you.
You hit Crazy Yiuf. You bite Crazy Yiuf. You drain his power.
You feel invigorated.
Crazy Yiuf is severely wounded.
You are no longer magically infusing your attacks.
Crazy Yiuf completely misses you.
Your scale mail prevents you from hitting Crazy Yiuf.
You bite Crazy Yiuf, but do no damage.
Crazy Yiuf is severely wounded.
Crazy Yiuf hits you with a +3 quarterstaff of chaos.
Crazy Yiuf hits you with a +3 quarterstaff of chaos!
* * * LOW HITPOINT WARNING * * *
You closely miss Crazy Yiuf.
Crazy Yiuf is severely wounded.
Crazy Yiuf hits you with a +3 quarterstaff of chaos.
You die...

# #............. #
###........... # #####
#####....... # ####...#
##### #.....##.... #
#......# #)..#
#.....##.... # ##......#
#...# #.....##....
####.......# ...
#.....######
...........# #g#
#...........
.........### ♣@♣♣
#.....####.. .###.###.##
♣♣.♣ #.###.......
.......#..# ♣.♣♣
#.##........
##.....##.## ♣♣.♣
#...........
##.....##..# ♣♣.♣♣
#...........
##.....###.# ♣♣...♣
#........... .......#
#.# ♣....♣ #...........
...##### #.# #....#
#........... ...#
#)#####..####...........


You could see Crazy Yiuf.

Vanquished Creatures
  A hound (D:3)
  5 adders
  4 worms
  2 dart slugs
  6 orcs (D:3)
  10 bats
  5 giant cockroaches
  6 goblins
  6 hobgoblins
  5 jackals
  4 kobolds
  A quokka (D:2)
  4 ball pythons
  A frilled lizard (D:1)
  7 rats
67 creatures vanquished.

Notes
Turn   | Place    | Note
-------+----------+-------------------------------------------
     0 | D:1      | Heatsaber the Vine Stalker Skald began the quest for the
                  | Orb.
     0 | D:1      | Reached XP level 1. HP: 11/11 MP: 4/4
   224 | D:1      | Reached skill level 1 in Armour
   226 | D:1      | Reached XP level 2. HP: 7/15 MP: 0/6
   231 | D:1      | Learned a level 2 spell: Song of Slaying
   234 | D:1      | Learned a level 2 spell: Shroud of Golubria
  1266 | D:2      | Reached XP level 3. HP: 19/19 MP: 7/7
  1979 | D:2      | Gained mutation: Your natural rate of healing is unusually
                  | fast. [Vine Stalker growth]
  1979 | D:2      | Reached XP level 4. HP: 23/23 MP: 6/8
  2385 | D:3      | Found a runed translucent door.
  2386 | D:3      | Noticed Crazy Yiuf
  2611 | D:3      | Reached XP level 5. HP: 27/28 MP: 7/9
  3020 | D:3      | Slain by Crazy Yiuf

Skill      XL: |  1  2  3  4 |
---------------+-------------+-----
Short Blades   | 2 3 |  3.2
Armour         | 1 2 |  2.3
Fighting       | 2 3 |  3.0
Throwing       | |  0.8
Dodging        | |  1.5
Spellcasting   | |  2.1
Charms         | |  3.0

Action                   |  1- 3 |  4- 6 || total
-------------------------+-------+-------++-------
Melee: Short sword       |   124 |   161 ||   285
       Bite              |    24 |    45 ||    69
 Cast: Infusion          |    13 |     8 ||    21
       Shroud of Golubri |       |     1 ||     1
  Use: Potion            |     1 |       ||     1
  Eat: Chunk             |     4 |     4 ||     8
Armor: Leather armour    |    20 |       ||    20
       Scale mail        |    62 |    78 ||   140
Dodge: Dodged            |    76 |    87 ||   163
